Map: Frozen Temple

Players

Tesla (Rob)

  • Race: Protoss Protoss
  • League: Grandmaster

EJK - Winner!

  • Race: Terran Terran
  • League: Master

VOD

Have the link to the VOD?

Description

Time

  • Played on: May 3, 2016, 9:04 p.m.
  • Length: 7:20
Show
View Real Time Build Order
Export as new Build Order

Tesla Protoss 

Build Orders: Cannon Rush 

Get SALT Encoding   

  12  0:00  Probe (Chrono Boost)  
  13  0:11  Probe (Chrono Boost)  
  14  0:17  Pylon  
  14  0:21  Probe (Chrono Boost)  
  15  0:35  Probe (Chrono Boost)  
  16  0:37  Forge  
  16  0:45  Probe (Chrono Boost)  
  17  0:57  Probe (Chrono Boost)  
  18  1:03  Pylon  
  18  1:22  Photon Cannon  
  18  1:24  Pylon  
  18  1:26  Pylon  
  18  1:32  Photon Cannon  
  18  1:44  Photon Cannon  
  18  1:45  Photon Cannon  
  18  1:49  Pylon  
  18  1:56  Photon Cannon  
  18  2:03  Photon Cannon  
  17  2:12  Probe (Chrono Boost)  
  18  2:24  Probe (Chrono Boost)  
  18  2:25  Pylon  
  18  2:27  Gateway  
  19  2:35  Probe (Chrono Boost), Assimilator  
  20  2:37  Assimilator  
  19  2:45  Probe (Chrono Boost)  
  20  2:55  Nexus  
  20  2:56  Probe (Chrono Boost)  
  21  3:07  Probe (Chrono Boost)  
  22  3:15  Cybernetics Core  
  22  3:17  Probe (Chrono Boost)  
  23  3:28  Probe (Chrono Boost)  
  24  3:38  Probe (Chrono Boost)  
  25  3:49  Warp Gate (Chrono Boost), Probe (Chrono Boost)  
  25  3:52  Gateway  
  25  3:53  Adept (Chrono Boost)  
  25  3:54  Gateway  
  28  4:00  Probe  
  29  4:12  Mothership Core (Chrono Boost)  
  29  4:13  Probe (Chrono Boost)  
  32  4:24  Probe (Chrono Boost)  
  32  4:29  Pylon  
  33  4:31  Probe (Chrono Boost), Protoss Ground Weapons Level 1 (Chrono Boost)  
  33  4:33  Adept  
  33  4:35  Probe (Chrono Boost)  
  37  4:43  Probe (Chrono Boost)  
  37  4:44  Stalker  
  37  4:45  Probe  
  41  4:55  Probe  
  41  4:57  Probe  
  43  5:08  Probe (Chrono Boost)  
  43  5:11  Probe (Chrono Boost)  
  43  5:18  Assimilator  
  43  5:19  Assimilator  
  43  5:20  Probe (Chrono Boost)  
  44  5:21  Stalker (Chrono Boost)  
  44  5:25  Stalker x2 (Chrono Boost)  
  44  5:26  Pylon  
  44  5:27  Probe  
  50  5:38  Pylon  
  50  5:44  Probe x2  
  52  5:56  Robotics Facility  
  50  5:59  Twilight Council  
  50  6:00  Forge  
  50  6:04  Stalker  
  50  6:05  Stalker x2  
  50  6:10  Probe x2  
  58  6:12  Pylon  
  56  6:22  Probe x2  
  56  6:29  Pylon  
  53  6:33  Stalker x3  
  50  6:56  Stalker x2  
  52  7:03  Pylon  
  52  7:08  Zealot  
Show
View Real Time Build Order
Export as new Build Order

EJK Terran - Winner!

Build Orders:  

Get SALT Encoding   

  12  0:00  SCV  
  13  0:13  SCV  
  14  0:18  Supply Depot  
  14  0:25  SCV  
  15  0:39  SCV  
  15  0:40  Barracks  
  16  0:46  Refinery  
  16  0:52  SCV  
  17  1:04  SCV  
  18  1:16  SCV  
  19  1:21  Supply Depot  
  19  1:31  Orbital Command, Marine  
  19  1:32  Bunker  
  20  1:41  Supply Depot  
  20  1:49  Marine  
  21  2:06  Marine  
  22  2:08  Barracks  
  22  2:13  SCV  
  23  2:25  SCV  
  24  2:48  Command Center  
  24  2:56  Supply Depot  
  24  3:07  Marine x2, Factory  
  24  3:10  Refinery  
  26  3:13  SCV  
  27  3:26  Marine  
  27  3:27  Marine  
  27  3:31  Supply Depot, SCV  
  29  3:43  SCV  
  29  3:44  Marine x2  
  32  3:51  Factory Tech Lab  
  32  3:53  Starport  
  32  3:57  SCV  
  33  4:07  Orbital Command  
  36  4:22  Siege Tank  
  36  4:23  Marine  
  36  4:24  Marine  
  38  4:27  SCV  
  42  4:40  Medivac  
  42  4:41  Marine x2  
  42  4:45  SCV x2  
  45  4:57  Liberator  
  45  5:11  Siege Tank, Marine x2  
  50  5:17  Orbital Command  
  53  5:28  Marine, Engineering Bay  
  53  5:29  Marine  
  53  5:34  Barracks  
  54  5:54  Barracks Tech Lab  
  54  5:59  SCV x2  
  54  6:03  Missile Turret  
  53  6:27  SCV x2  
  53  6:29  Siege Tank, Medivac  
  53  6:31  Barracks  
  60  6:39  SCV  
  57  6:40  Marine x3  
  57  6:44  SCV  
  58  6:51  SCV  
  58  6:55  Refinery  
  58  6:56  Bunker, Refinery, SCV  
  58  6:58  Marine x3  
  62  7:06  Starport Reactor  
  62  7:15  Barracks x2  
Tags
 
Add a new tag
Caveats
  • Supply blocks, unpowered buildings, or Contaminate may cause inaccurate times.
  • Supply counts are checked every 10 seconds.